Unix NetHack Version 3.7.0-66 Work-in-progress - last build Nov 25 2022 02:21:47 (a67c8fbd212c6e9cfe3af09653023564b5ba1bad,branch:master). Game began 2022-12-04 19:32:39, ended 2022-12-04 19:36:57. McPanther, neutral male human Healer --... |.... .----..- .)h@f.) ..----. McPanther the Rhizotomist St:10 Dx:9 Co:14 In:11 Wi:13 Ch:18 Neutral S:168 Dlvl:3 $:1049 HP:0(13) Pw:2(5) AC:2 Xp:1/14 T:310 Latest messages: What do you want to zap? [h or ?*] In what direction? The sleep ray hits the hobbit. You miss the hobbit. You hit the hobbit. You hear crashing rock. You kill the hobbit! You see here a hobbit corpse. There is a hobbit corpse here; eat it? [ynq] (n) This hobbit corpse is fatty. You hear a B flat squeak in the distance. It is missed. A crossbow bolt misses you. You stop eating the hobbit corpse. It is missed. A crossbow bolt misses you. It is missed. A crossbow bolt misses you. It is missed. A crossbow bolt misses you. You swap places with Tusik. Tusik picks up a crossbow bolt. Tusik eats a partly eaten hobbit corpse. You swap places with Tusik. You see here a crossbow bolt. Tusik drops a crossbow bolt. You see here a crossbow bolt. It is missed. A crossbow bolt misses you. It is hit. What do you want to use or apply? [chj or ?*] In what direction? Status of Tusik (neutral): Level 2 HP 10(10) AC 6, tame. What do you want to zap? [h or ?*] In what direction? The sleep ray hits the dwarf. The sleep ray hits it. You miss the dwarf. It is hit. It is destroyed! You miss the dwarf. You miss the dwarf. The dagger misses the dwarf. You are almost hit by a dagger. You miss the dwarf. The dwarf swings her broad pick. The dwarf hits! You die... Do you want your possessions identified? [ynq] (y) Do you want to see your attributes? [ynq] (y) Inventory: Coins $ - 1049 gold pieces Weapons m - 8 +0 crossbow bolts o - a cursed -1 orcish dagger (weapon in hand) a - a blessed +0 scalpel Armor b - an uncursed +1 pair of leather gloves (being worn) n - an uncursed +0 banded mail (being worn) Comestibles l - 5 uncursed apples Scrolls p - a cursed scroll of gold detection Spellbooks j - a blessed spellbook of extra healing Potions f - a blessed potion of extra healing g - 3 uncursed potions of extra healing e - a blessed potion of healing d - 3 uncursed potions of healing Wands h - a wand of sleep (0:6) Tools c - an uncursed stethoscope Gems/Stones r - a cursed worthless piece of red glass McPanther the Healer's attributes: Background: You were a Rhizotomist, a level 1 male human Healer. You were neutral, on a mission for Hermes who was opposed by Athena (lawful) and Poseidon (chaotic). You were in the Gnomish Mines, on level 3. You entered the dungeon 310 turns ago. You had 14 experience points, 6 more were needed to attain level 2. Your score was 168 before end-of-game adjustments. Basics: You had 0 out of 13 hit points. You had 2 out of 5 energy points (spell power). Your armor class was 2. Your wallet contained 1049 zorkmids. Autopickup was on for '$"?!=/' plus thrown, with exceptions. Final Characteristics: Your strength was 10 (limit:18/100). Your dexterity was 9 (limit:18). Your constitution was 14 (limit:18). Your intelligence was 11 (limit:18). Your wisdom was 13 (limit:18). Your charisma was 18 (limit:18). Final Status: You were not hungry. You were unencumbered. You were wielding a dagger. You were unskilled in dagger. Final Attributes: You were fervently aligned. You were poison resistant. You were warded. You are dead. Miscellaneous: You never encountered a bones level. Total elapsed playing time was 4 minutes and 15 seconds. Major events: Turn 1: McPanther the neutral male human Healer entered the dungeon 263: entered the Gnomish Mines 310: killed by a dwarf Vanquished creatures: a gnome leader a hobbit 2 gnomes a goblin a newt 6 creatures vanquished. No species were genocided or became extinct. Voluntary challenges: You were an atheist. You were illiterate. You never engraved Elbereth. You never genocided any monsters. You never polymorphed an object. You never changed form. You used no wishes. Achievement: You entered the Gnomish Mines. The Dungeons of Doom: levels 1 to 2 Level 1: "spbooks" A fountain. Level 2: A fountain. Stairs down to The Gnomish Mines. The Gnomish Mines: Level 3: <- You were here. Final resting place for you, killed by a dwarf. Game over: ---------- / \ / REST \ / IN \ / PEACE \ / \ | McPanther | | 1049 Au | | killed by a | | dwarf | | | | | | 2022 | *| * * * | * _________)/\\_//(\/(/\)/\//\/|_)_______ Goodbye McPanther the Healer... You died in The Gnomish Mines on dungeon level 3 with 167 points, and 1049 pieces of gold, after 310 moves. You were level 1 with a maximum of 13 hit points when you died.